[Event "Moscow Tal Memorial 6th"]
[Site "Moscow"]
[Date "2011.11.19"]
[Round "4"]
[White "Nepomniachtchi, Ian"]
[Black "Nakamura, Hikaru"]
[Result "1/2-1/2"]
[ECO "B70"]
[WhiteElo "2730"]
[BlackElo "2758"]
[Annotator "Ramirez Alvarez,Alejandro"]
[PlyCount "170"]
[EventDate "2011.11.16"]
[EventType "tourn"]
[EventRounds "9"]
[EventCountry "RUS"]
[EventCategory "22"]
[SourceTitle "CBM 146"]
[Source "ChessBase"]
[SourceDate "2012.01.18"]
[SourceVersion "1"]
[SourceVersionDate "2012.01.18"]
[SourceQuality "1"]
[TimeControl "40/6000+30:20/3000+30:900+30"]

1. e4 {30} c5 {30} 2. Nf3 {0} d6 {0} 3. d4 {0} cxd4 {0} 4. Nxd4 {0} Nf6 {0} 5.
Nc3 {0} g6 {0 The American super star is going out for blood in this game! The
Tal Memorial hadn't been good for Hikaru, and his game against Svidler was
very one-sided in favour of the Russian, so he brings out all of his fighting
spirit against Ian!} 6. Be2 {330 Perhaps a slight disappointment for the
spectators. The game steers away from the razor-sharp lines of the Yugoslav
attack, but this doesn't mean the game will be any less interesting.} Bg7 {30}
7. O-O {0} O-O {30} 8. Re1 {60} Nc6 {0} 9. Nb3 {30} Be6 {60} 10. Bf1 {30} a5 {
30} 11. Nd2 $6 {510 A strange novelty. The more common move is} (11. a4 Bxb3
12. cxb3 Nb4 {with the idea of ...e6 next move, which is considered to be fine
for Black.}) 11... a4 {510} (11... d5 12. exd5 Nxd5 13. Nxd5 Bxd5 {looked like
a slight edge for Black already, however the move played in the game is just
as ambitious.}) 12. Ndb1 {90 Although original, this anti-development
manoeuvre of the knight cannot be recommended. It is not heading for any
particularly useful square.} Ra5 {930} 13. Na3 {150} d5 {90} 14. exd5 {90} Nxd5
{390} 15. Ncb5 {90} Qc8 {1410} 16. c3 {90} Rd8 {210 There should be almost no
doubt that Black has achieved an excellent position from the opening.} 17. Qe2
{30} Nc7 {150 The position is relatively quiet, and Black has many ways to
proceed and all of them should give him a slight edge. White's pieces are just
clumsy. Be5 also came to mind.} 18. Rd1 {390} Nxb5 {390} 19. Nxb5 {30} Ne5 {30}
20. Na3 {450 Retreating again to the side of the board...} (20. Nd4 $6 Bc4 $1
21. Qe1 Bxf1 22. Qxf1 Rad5 {followed by ...a3 gave Black a dominating position.
Black has exchanged White's passive bishop on f1 but in exchange he has
absolute control over the d-file.}) 20... Rad5 {570} 21. Rxd5 {30} Rxd5 {30}
22. Be3 {150} Ng4 {210} 23. h3 {270} Nxe3 {30} 24. Qxe3 {0} Qc6 $15 {150 / -/+
Nakamura has now established a stable advantage. He holds the open d-file, the
pair of bishops and is overall more active. Although he is still far from
winning, he has punished Ian for his dubious play.} 25. Nc2 {300} Qc7 {401} (
25... Qd7 {with the idea of penetrating directly on the d-file was worth
considering.} 26. a3 (26. Nb4 Rd1 (26... Rd2 $2 27. Nd3 {makes the rook quite
uncomfortable.}) 27. Rxd1 Qxd1 28. Qe2 Qb1 29. a3 Bh6 $15 {with strong
pressure over the queenside, but White is solid and will probably hold.}) 26...
Rd2 {seems terrible, so White must do something.}) 26. a3 {150 This move
finishes the solidification of the queenside. Of course, this also means that
he will never be able to advance the pawns in a dangerous way. Black has all
the trumps, and White will be happy to survive. At the moment he will have a
good square for his N on b4, which is very stable, but sadly far away from the
kingside if anything happens there.} Be5 {169} 27. Nb4 {90} Rd8 {6} 28. Nd3 {30
} Bd6 {5} 29. Re1 {90} Bf5 {101} 30. g3 {330} Bxd3 $5 {474 Nakamura tries to
dismantle Ian's position in an opposite coloured game where he will hold the
initiative. It was also possible to tend to the position in a more calm and
subtle matter, as he is holding all the trump cards.} (30... h5 31. h4 Kg7 {
with the idea of f6 and e5 comes to mind.}) 31. Bxd3 {210} Bc5 {16} 32. Qf3 {30
} Rd6 {19 The point, now the f2 AND b2 pawns will be under fire.} 33. Re4 {90}
Rb6 {248} 34. Bc4 $6 {90} (34. Re2 Rf6 35. Qg2 {looks unpleasant but I don't
see how Black makes progress. White simply maintains his pieces where they are
and there is an insufficient amount of viable targets.}) 34... e6 {5} 35. Re2 {
30} Bxa3 36. Bxe6 {30} Bxb2 $6 {78} (36... Rxb2 {Although it is usually not
advisable to trade pieces when the opposite coloured bishops are on the board
and you are trying to play for a win, I believe this was a better move.
Although Hikaru has won some queenside pawns, the initiative on the kingside
is lost, which means he has to be careful concerning his own king. The
combined power of the passed a-pawn and the pressure he can exert over f2
might still allow him to win this game.} 37. Ba2 Rxe2 38. Qxe2 Kg7 39. Kg2 Bd6
40. Qc4 Qxc4 41. Bxc4 Be5 {is two extra pawns, but not an easy task.}) 37.
Bxf7+ $5 {90 The evaluation is more for the practical value of the move than
for its objective value. Of course, this move should lose, but figuring out
how is not easy when all that remains are seconds on the clock.} (37. Ba2 Bxc3
$2 (37... Ba3 38. Re4 $1 $17 {and this is the problem variation. How does
Black defend his a4-pawn? The only viable solution seems to be the following:}
Rb2 39. Bd5 $1 Kg7 (39... Bc5 $2 40. Re8+ Kg7 41. Rc8 $1 $11 {A fabulous
resource, which you can't blame the players for missing in such time pressure.}
) 40. Rxa4 Bc5 41. Ra2 $1 Bxf2+ 42. Kg2 $15 {This forces the trade of the
rooks, and the endgame is unpleasant for White but holdable.}) 38. Bxf7+ Qxf7
39. Qxc3 {leaves the king way too vulnerable to consider winning.}) 37... Qxf7
{36} 38. Qd3 {30} Re6 $2 {225 And Nakamura falters. It is hard to blame him
with little time left. It was absolutely essential to take control of d8.} (
38... Qc7 $1 39. Re8+ (39. Qd5+ Kf8 $1 40. Qe4 (40. Re3 Rf6 41. Qd4 Kg7 $19 {
and Black consolidated.}) 40... Ba3 41. Qe8+ Kg7 42. Qxa4 Be7 $19 {and Black
has nothing to worry about.}) 39... Kg7 $1 40. Qd4+ Rf6 41. Rd8 $1 (41. Qd5
Qxc3 42. Qg8+ Kh6 $19 {is no more than a silly check on g8, after which Black
is obviously winning.}) 41... Qxc3 42. Rd7+ Kg8 43. Rd8+ Rf8 44. Rxf8+ Kxf8 45.
Qd8+ Kf7 46. Qd7+ Kf6 47. Qd6+ Kf5 $19 {and Black isn't only not getting mated,
the checks run out soon and his extra material should tell.}) 39. Qd8+ {30} Kg7
{30} 40. Qd4+ {0} Kg8 {0} 41. Qd8+ {60} Qf8 {2380} 42. Qd5 {30} Qd6 {4 Trying
to win. The rook is quite poisoned.} 43. Qxd6 {90} (43. Qxe6+ Qxe6 44. Rxe6 Kf8
$1 {and since the R can't make it to the a-file, this becomes incredibly
dangerous for White.} 45. Rd6 Ke8 46. Re6+ Kd8 47. Rf6 Kc7 $1 48. Rf8 b5 $19)
43... Rxd6 {19} 44. Rxb2 {0} a3 {55} 45. Ra2 {0} Ra6 {4 Like in the previous
part of the game, Black is the one holding all the trump cards, however he is
still far from winning. His a3-pawn is quite vulnerable and the pawn count
will be dangerously reduced.} 46. Kf1 {30} Kf7 {69} 47. Ke2 {30} Ke6 {25} 48.
Kd3 {30} Kd5 {6} 49. f4 {30} h5 {207} (49... Ra4 {to cut off White on the 4th
rank was probably a good winning attempt.} 50. c4+ (50. g4 $1 b5 $1 {
controlling c4, now White is very passive.} 51. g5 $1 {seemingly a horrible
concession, but what else? - however, how does Black proceed?} Ra8 52. Kc2 $11
Ke4 53. Kb3 Kxf4 54. Rxa3 $11) 50... Kc5 51. g4 b6 {has the same idea as h6,
but solidifies the b-pawn.} (51... h6 {Black is making White move, he has no
choice but to weaken his f-pawn.} 52. f5 gxf5 53. gxf5 Kb4 54. Kc2 Ra5 55. Ra1
$1 {Unfortunately White still has this resource, which allows him basically to
draw the game.} Rxf5 56. Rb1+ Kxc4 57. Rxb7 $11) 52. f5 {now fails to...} (52.
h4 {A subtle difference, changing the position of the pawn.} b5 $1 (52... h6
53. f5 gxf5 54. gxf5 Kb4 55. Kc2 Ra5 56. Ra1 Rxf5 57. Rb1+ Ka5 58. Kb3 $11 {
is now drawn.}) 53. cxb5 Rxf4 $19 {and White's kingside falls.}) 52... gxf5 53.
gxf5 Kb4 54. Kc2 Ra5 55. Ra1 Rxf5 56. Rb1+ Ka5 $1 $19 {and the extra pawns
tilt the balance in favour of Black, who is winning this position without any
doubt.} 57. Kb3 Rf3+ 58. Ka2 Rxh3 $19) 50. g4 {1170} h4 $1 {5 I like this move,
as it makes h3 into another weakness, specially considering what White's only
resource in this position is.} 51. c4+ {510} Kc5 {4} 52. Kc3 {0} Re6 {116} 53.
Rf2 $1 {0 I think this move is very important, since Black's rook is
considerably more active on the e-file, White must create as many problems as
possible. He will advance his f-pawn in hopes of creating sufficient
counterplay.} Re3+ {43} 54. Kc2 {30} Kxc4 {307} (54... Kc6 $5 {was an
interesting study-like move. The idea is to try to catch the f-pawn with the K,
while allowing the R to defend and capture pawns. However it might still not
be enough.} 55. f5 gxf5 56. gxf5 Kd7 57. Kb1 Rxh3 58. Ka2 Ke7 59. Rf4 $1 (59.
f6+ $2 Kf7 60. Rf4 b6 {Zugzwang.}) 59... b6 60. Rd4 Kf6 61. Rf4 {and the game
is still not won.}) (54... Kd6 55. Rd2+ {is awkward for Black.}) 55. f5 {30} g5
{219 Controlling the important f4-square.} 56. f6 {0} Re8 {1} (56... Rb3 57.
Rf4+ $2 {Overly cute.} (57. Rf1 $11) 57... gxf4 58. f7 Rc3+ $19) 57. f7 {0} Rf8
{0} 58. Kb1 {90} Kd5 {78} (58... b5 59. Rf5 b4 60. Ka2 $11 {And Black can't
make any progress in this position.} Kc3 61. Rc5+ Kd4 62. Rf5 Kc4 63. Rf6 $11)
59. Rf5+ {30} Ke6 {5} 60. Rxg5 {0} Rxf7 {0} 61. Rh5 {60} b5 {282} (61... Rf2
62. Rxh4 b5 63. g5 $1 $11 (63. Rh5 $4 b4 64. Rb5 Rb2+ 65. Ka1 Kd6 $19)) 62.
Rxb5 {30} Rf3 {63} 63. Rb6+ {210} Ke5 {76} 64. Rb5+ {90} Ke6 {150} (64... Kd4
65. Ka2 Rxh3 66. g5 $11) 65. Rb6+ {0} Kd5 {17} 66. g5 {0} Rxh3 {72} 67. Rb4 {0}
Ke5 {66 This endgame with the split pawns is, unfortunately for Hikaru, drawn.
It is reminiscent of the Botvinnik-Fischer endgame from the 1962 Olympiad. The
defensive task is not incredibly difficult.} 68. g6 {0} Kf6 {5} 69. Rg4 {0} Kg7
{3} 70. Ka2 {0} Kh8 {2} 71. Rf4 {30} Kg7 {413} 72. Rg4 {30} Rh1 {67} 73. Rb4 {
270} h3 {117} 74. Rb3 {30} Kxg6 {20} (74... h2 75. Rh3 Kxg6 76. Rh8 {is a
simple draw, since the a3-pawn does not help Black.}) 75. Rg3+ {90} Kf5 {23}
76. Rc3 {30} Ke5 {32} 77. Rxa3 {90} Rh2+ {32} 78. Ka1 {0} Kf4 {4} 79. Rb3 {0}
Rh1+ {99} 80. Ka2 {0} Rh2+ {12} 81. Ka1 {0} Rh1+ {54} 82. Ka2 {30} Kg4 {34} 83.
Rb4+ {0} Kg3 {30} 84. Rb3+ {0} Kg4 {2} 85. Rb4+ {0} Kg3 {3 Hikaru had the
advantage the entire game, it seemed like he was about to win on several
occasions, but Ian's combination of resourcefulness and sheer desperation
allowed him to scrape a draw from an atrocious opening.} 1/2-1/2

[Event "EU-ch 12th"]
[Site "Aix les Bains"]
[Date "2011.03.24"]
[Round "3"]
[White "Wojtaszek, Radoslaw"]
[Black "Buhmann, Rainer"]
[Result "1-0"]
[ECO "D26"]
[WhiteElo "2711"]
[BlackElo "2590"]
[PlyCount "67"]
[EventDate "2011.03.22"]
[EventType "swiss"]
[EventRounds "11"]
[EventCountry "FRA"]
[SourceTitle "CBM 142 Extra"]
[Source "ChessBase"]
[SourceDate "2011.06.27"]
[SourceVersion "1"]
[SourceVersionDate "2011.06.27"]
[SourceQuality "1"]
[TimeControl "40/5400+30:1800+30"]

1. d4 d5 2. c4 c6 3. Nf3 Nf6 4. e3 e6 5. Bd3 dxc4 6. Bxc4 c5 {Retombe sur un
gambit dame accepté, les deux camps ayant perdu un tempo} 7. O-O a6 8. Qe2 {
Ressemble un peu à la variante Furman} (8. Bb3 {La grande mode depuis quelques
années} b5 9. Qe2) 8... Nc6 (8... b5 {La grande ligne}) 9. Rd1 (9. dxc5 Bxc5
10. e4 b5 11. e5 (11. Bb3) (11. Bd3) 11... bxc4 12. exf6 gxf6 13. Qxc4 Qb6 14.
Nc3 Qb4 $1 15. Qe2 Be7 16. h3 (16. Rd1 Qg4 {Suetin}) 16... Bb7 17. a3 Qa5 18.
Bf4 Rg8 19. Bg3 Qh5 20. Rfe1 Rd8 21. Rad1 Rxd1 22. Qxd1 Nd8 $132 {Furman,
S-Suetin,A URS-ch27th sf  1959 0-1}) 9... cxd4 (9... b5 10. dxc5 Qc7 11. Bb3 (
11. Bd3)) 10. exd4 (10. a4 Be7) 10... Be7 11. Nc3 O-O 12. Bg5 $32 (12. Bb3 Na5
$132) 12... Nb4 13. Ne5 (13. Bb3) (13. a4) 13... b5 14. Bb3 Bb7 15. Nxf7 $5
$146 (15. a4 bxa4 {Szymczak,Z (2400)-Kolasinski,M (2305) Naleczow op 1989 1-0})
15... Rxf7 16. Qxe6 Qf8 17. Re1 Nc6 18. Bxf6 (18. Rad1) 18... Bxf6 19. Ne4 Na5
(19... Bxd4 20. Qd7 $18 (20. Ng5 $40)) (19... Nxd4 $2 20. Nxf6+) 20. Nxf6+ gxf6
21. Qxf7+ Qxf7 22. Bxf7+ Kxf7 23. Rac1 $16 {White has a clear edge. The
general rule is that without Q, a R+2 P are strongers that a B+N when the R
have enough open Files (Delchev: The Modern Reti)} Bd5 24. Rc7+ Kg6 25. b3 Nc6
26. Rd7 Nb4 27. Re3 (27. a3 $2 Nc2) 27... Rc8 28. h4 Rc1+ 29. Kh2 Bc6 (29...
Ra1 $132) 30. Rg3+ Kf5 31. Rxh7 Nd5 32. h5 Rc2 33. h6 Rxf2 34. Rhg7 1-0

[Event "EU-ch 12th"]
[Site "Aix les Bains"]
[Date "2011.04.01"]
[Round "10"]
[White "Wojtaszek, Radoslaw"]
[Black "Khairullin, Ildar"]
[Result "1-0"]
[ECO "E52"]
[WhiteElo "2711"]
[BlackElo "2634"]
[PlyCount "85"]
[EventDate "2011.03.22"]
[EventType "swiss"]
[EventRounds "11"]
[EventCountry "FRA"]
[SourceTitle "CBM 142 Extra"]
[Source "ChessBase"]
[SourceDate "2011.06.27"]
[SourceVersion "1"]
[SourceVersionDate "2011.06.27"]
[SourceQuality "1"]
[TimeControl "40/5400+30:1800+30"]

1. d4 Nf6 2. c4 e6 3. Nc3 Bb4 4. Nf3 b6 (4... c5) 5. e3 (5. Bg5) 5... Bb7 6.
Bd3 O-O (6... Ne4 7. O-O Bxc3 8. bxc3 O-O (8... Nxc3 9. Qc2 Bxf3 10. gxf3 Qg5+
11. Kh1 Qh5 $13)) (6... c5) 7. O-O d5 (7... Bxc3 8. bxc3 Ne4 9. Ne1 f5 10. f3
Ng5) 8. cxd5 (8. a3 Bd6) 8... exd5 9. a3 Bd6 $1 10. b4 a6 (10... Nbd7 11. Nb5
Be7 12. Ne5 a6 13. Nc3 c5 $132 {Alatortsev,V-Botvinnik,M Leningrad masters 1
1932 (3) 0-1}) 11. Qb3 Qe7 (11... Nbd7) 12. Rb1 (12. b5 $5 axb5 13. Nxb5 Nbd7
14. Bb2 (14. a4 c5 15. Nxd6) 14... c5 15. Nxd6 Qxd6) 12... Nbd7 13. a4 Rfb8 $6
$146 (13... Ne4 14. Bb2 Ndf6 15. b5 a5 16. Rbd1 Nxc3 17. Bxc3 Ne4 18. Bb2 Rad8
19. Ne5 Kh8 20. Qc2 f6 21. Nf3 Bc8 22. Ne1 f5 23. g3 Rf6 24. Nf3 Rdf8 25. Ne5
Rh6 26. f3 Ng5 27. Qg2 Nh3+ 28. Kh1 {Petrosian,T (2605)-Browne,W (2590)/
Tilburg 1982/1-0 (42)}) (13... c6) (13... Rfe8 {Plus naturel} 14. b5 axb5 15.
axb5 Ne4 $132 {Onischuk,A (2641)-Kasimdzhanov,R (2674) FIDE GP Moscow rapid
2002 (3.4) 0-1}) 14. b5 $1 axb5 15. axb5 g6 16. h3 h6 17. Re1 Ra7 18. Bb2 Qe6
19. Nd2 Rba8 {Les Noirs ont perdu un tempo avec 13. Rfb8 qui n'était pas trés
utile} 20. Qc2 Bf8 21. e4 $1 $14 {Les R noires manquent de cases de
pénétration sur la colonne "a"} dxe4 22. Ndxe4 (22. Bc4) 22... Bxe4 (22... Nxe4
$5 23. d5 Qf5 24. Nxe4 Ne5 $1 $13) 23. Nxe4 Bg7 24. Bc4 $36 {Les pièces
Blanches commencent à s'activer} Qf5 25. g4 $1 Qf3 26. Re3 Qf4 27. Ng3 Nf8 28.
Bxf7+ $1 Kh7 (28... Kxf7 29. Qb3+) 29. Bb3 $18 Rd8 30. Rbe1 Rd7 31. Re5 Ra8 32.
Qc4 Rad8 33. R1e4 Qd2 34. Bc3 Qc1+ 35. Kg2 Nd5 36. Ne2 Qa3 37. Nf4 Bxe5 38.
Nxd5 Rxd5 39. Rxe5 c6 40. Bb4 Qa8 41. bxc6 b5 42. Qxd5 Rxd5 43. Bxd5 1-0